 Dungeon Crawl Stone Soup version 0.18.1-48-g4cf74bf (webtiles) character file.

68 atro the Ruffian (level 4, -6/44 HPs)
             Began as a Troll Monk on Aug 11, 2016.
             Was a Priest of Jiyva.
             Killed from afar by senseless's ghost (11 damage)
             ... with a magic dart
             ... on level 4 of the Dungeon.
             The game lasted 00:19:16 (1777 turns).

atro the Ruffian (Troll Monk)                       Turns: 1777, Time: 00:19:17

Health: -6/44      AC:  5    Str: 20    XL:     4   Next: 1%
Magic:  3/3        EV: 11    Int:  4    God:    Jiyva [***...]
Gold:   124        SH:  0    Dex: 14    Spells: 0 memorised, 3 levels left

rFire  . . .     SeeInvis .     d - +0 short sword
rCold  . . .     Gourm    +     a - +0 robe
rNeg   . . .     Faith    .     (no shield)
rPois  .         Spirit   .     (helmet restricted)
rElec  .         Dismiss  .     (no cloak)
rCorr  +         Reflect  .     (gloves unavailable)
SustAt .         Harm     .     (boots unavailable)
MR     .....                    (no amulet)
Stlth  ++........               (no ring)
                                (no ring)

@: not resistant to hostile enchantments, unstealthy
A: unfitting armour, claws 3, fast metabolism 3, gourmand, regeneration 2,
shaggy fur 1, tough skin 2
a: Request Jelly, Jelly Paralyse, Renounce Religion


You were on level 4 of the Dungeon.
You worshipped Jiyva.
Jiyva was most pleased with you.
You were not hungry.

You visited 1 branch of the dungeon, and saw 4 of its levels.

You collected 124 gold pieces.

Inventory:

Hand Weapons
 c - a +0 club
 d - a +0 short sword (weapon)
Missiles
 e - 12 poisoned needles
Armour
 a - a +0 robe (worn)
 i - a +3 scale mail
Jewellery
 f - an uncursed ring of protection from cold {unknown}
 o - an uncursed ring of wizardry {unknown}
Scrolls
 g - a scroll of noise {unknown}
 h - 2 scrolls of amnesia {unknown}
 l - a scroll of fog {unknown}
 p - a scroll of fear {unknown}
 u - a scroll of remove curse {unknown}
Potions
 j - 2 potions of curing {unknown}
 k - 2 potions of might {unknown}
 m - a potion of agility {unknown}
 n - a potion of mutation {unknown}
 q - a potion of resistance {unknown}
 r - a potion of cancellation {unknown}
 s - 2 potions of brilliance {unknown}
Comestibles
 b - a bread ration
 t - a chunk of flesh


   Skills:
 + Level 2.6 Fighting
 * Level 1.0 Short Blades
 - Level 0.5 Maces & Flails
 + Level 3.4 Dodging
 + Level 1.1 Stealth
 - Level 4.0 Unarmed Combat


You had 3 spell levels left.
You didn't know any spells.

Dungeon Overview and Level Annotations

Branches:
Dungeon (4/15)
 Temple: D:4-7

Altars:
Ashenzari
Cheibriados
Gozag
Okawaru
Jiyva

Shops:
D:4 }:

Annotations:
D:4 senseless's ghost, amateur DsWz


Innate Abilities, Weirdness & Mutations

You are too large for most types of armour.
You have claws for hands.
Your metabolism is lightning-fast.
You like to eat raw meat.
You heal very quickly.
You are covered in fur (AC +1).
You have very tough skin (AC +2).


Message History

Senseless's ghost points at you and mumbles some strange words.
The magic dart hits you!
* * * LOW HITPOINT WARNING * * *
The quokka bites you.
* * * LOW HITPOINT WARNING * * *
You closely miss senseless's ghost.
Senseless's ghost is lightly damaged.
Senseless's ghost gestures at you while chanting.
The magic dart hits you!
* * * LOW HITPOINT WARNING * * *
The quokka closely misses you.
You closely miss senseless's ghost.
Senseless's ghost is lightly damaged.
The quokka completely misses you. Senseless's ghost closely misses you.
You hit senseless's ghost but do no damage.
Senseless's ghost is lightly damaged.
The quokka bites you but does no damage.
Senseless's ghost gestures at you while chanting.
The magic dart hits you!
You die...

#........ ###.......
#.......# #.......#
##### #.......# #....
#######.......# #....
#.............# #....
#.............# #....
#...@.........# #....
#..rW.........###....
#........[...........
...........>....##....
(.................####..
.....##...........# #.#
..... #$..........# #.#
..... ##########.## #.#
#.# #.#


You could see senseless's ghost and a quokka.

Vanquished Creatures
  An adder skeleton (D:4)
  4 dart slugs
  2 giant geckos
  3 orcs (D:4)
  4 giant cockroaches
  6 hobgoblins
  5 jackals (D:1)
  5 kobolds
  A ball python (D:4)
  4 bats
  A giant newt (D:1)
  7 goblins
  5 rats
48 creatures vanquished.

Vanquished Creatures (others)
  An orc priest (D:3)
  A worm (D:2)
  A giant gecko (D:3)
  3 orcs (D:3)
  2 giant cockroaches
  A goblin (D:2)
  3 hobgoblins (D:2)
12 creatures vanquished.

Grand Total: 60 creatures vanquished

Notes
Turn   | Place    | Note
--------------------------------------------------------------
     0 | D:1      | atro the Troll Monk began the quest for the Orb.
     0 | D:1      | Reached XP level 1. HP: 22/22 MP: 0/0
    78 | D:1      | Reached XP level 2. HP: 23/29 MP: 1/1
   115 | D:1      | Found a shattered altar of Ashenzari.
   644 | D:1      | Reached XP level 3. HP: 33/36 MP: 2/2
   740 | D:2      | Found a snail-covered altar of Cheibriados.
   877 | D:2      | Found a faded altar to an unknown god.
   885 | D:2      | Became a worshipper of Jiyva Jeink the Shapeless
   885 | D:2      | Reached * piety under Jiyva
   885 | D:2      | Reached ** piety under Jiyva
  1045 | D:2      | Reached *** piety under Jiyva
  1211 | D:2      | Reached skill level 1 in Short Blades
  1269 | D:2      | Found an iron altar of Okawaru.
  1423 | D:3      | Found an opulent altar of Gozag.
  1510 | D:4      | Found Leakli's Gadget Shop.
  1609 | D:4      | Found Denkut's Book Emporium.
  1746 | D:4      | Reached XP level 4. HP: 36/44 MP: 3/3
  1754 | D:4      | Noticed senseless's ghost (amateur DsWz)
  1777 | D:4      | Killed from afar by senseless's ghost

Skill      XL: |  1  2  3 |
---------------+----------+-----
Dodging        | 3 |  3.4
Short Blades   | 1 |  1.0
Fighting       | |  2.6
Maces & Flails | |  0.5
Stealth        | |  1.1
Unarmed Combat | |  4.0

Action                   |  1- 3 |  4- 6 || total
-------------------------+-------+-------++-------
Melee: Club              |    21 |       ||    21
       Punch             |     4 |       ||     4
       Unarmed           |     1 |       ||     1
       Short sword       |   185 |    19 ||   204
 Stab: Sleeping          |     2 |       ||     2
  Eat: Chunk             |     8 |       ||     8
       Bread ration      |       |     1 ||     1
Armor: Robe              |    98 |     6 ||   104
Dodge: Dodged            |   150 |    17 ||   167
